 Dungeon Crawl Stone Soup version 0.30.1 (webtiles) character file.

Game seed: 15238708907768974873

790 Donest the Carver (level 8, 0/58 HPs)
             Began as a Human Berserker on July 12, 2023.
             Was a Believer of Trog.
             Slain by an orc
             ... wielding a +0 flail
              (4 damage)
             ... on level 4 of the Dungeon.
             The game lasted 00:08:05 (3148 turns).

Donest the Carver (Human Berserker)                 Turns: 3148, Time: 00:08:05

Health: 0/58       AC:  8    Str: 21    XL:     8   Next: 12%
Magic:  8/8        EV:  8    Int:  7    God:    Trog [**....]
Gold:   139        SH:  0    Dex: 12    Spells: 7/7 levels left

rFire   . . .        p - +4 falchion (heavy)
rCold   . . .        (no shield)
rNeg    . . .        d - +0 chain mail
rPois   .            (no helmet)
rElec   .            (no cloak)
rCorr   .            (no gloves)
SInv    .            (no boots)
Will    ++...        (no amulet) Stlth
                     (no ring)
HPRegen 1.29/turn    (no ring)
MPRegen 0.11/turn

%: no passive effects
@: strong-willed, on berserk cooldown, regenerating, slowed, very slow
A: no striking features
a: Renounce Religion, Berserk, Trog's Hand


You were on level 4 of the Dungeon.
You worshipped Trog.
Trog was pleased with you.
You visited 1 branch of the dungeon, and saw 4 of its levels.

You collected 289 gold pieces.
You spent 150 gold pieces at shops.

Inventory:

Hand Weapons
 a - a +0 falchion
 p - a +4 heavy falchion (weapon)
 r - a +1 whip of flaming
Armour
 b - a +0 animal skin
 d - a +0 chain mail (worn)
 s - a +0 robe
Jewellery
 m - an amulet of reflection
Wands
 q - a wand of flame (8)
Scrolls
 c - 2 scrolls of amnesia {unknown}
 i - a scroll of vulnerability {unknown}
 k - 2 scrolls of blinking {unknown}
 o - 2 scrolls of identify {unknown}
Potions
 e - a potion of berserk rage {unknown}
 f - 3 potions of heal wounds {unknown}
 g - a potion of magic {unknown}
 h - 2 potions of brilliance {unknown}
 j - a potion of attraction {unknown}
 l - 2 potions of curing
 n - a potion of lignification {unknown}


   Skills:
 - Level 3.4 Fighting
 + Level 8.7 Long Blades
 - Level 2.0 Armour
 - Level 2.2 Dodging
 - Level 0.5 Stealth


You had 7 spell levels left.
You didn't know any spells.
Your spell library was empty.

Dungeon Overview and Level Annotations

Branches:
Dungeon (4/15)
 Temple: D:4-7

Altars:
Ashenzari
Hepliaklqana

Shops:
D:3 (

Annotations:
D:4 Grinder


Message History

You have reached level 8!
You feel stronger.
You feel a strong urge to attack something.
You are no longer berserk.
You are exhausted.
You feel yourself slow down.
Grinder says, "DUCK!"
Grinder gestures at you. Pain shoots through your body!
Grinder gestures at you.
You struggle to resist.
You see here a +0 dagger.
Found a book of Burglary.
An orc comes into view. It is wielding a +0 flail.
Grinder says, "Just stop there for a second..."
Grinder gestures at you.
You suddenly lose the ability to move!
The orc shouts!
You hear a shout!
Grinder hits you.
* * * LOW HITPOINT WARNING * * *
You writhe in agony.
* * * LOW HITPOINT WARNING * * *
You can move again.
You closely miss Grinder.
Grinder blinks!
You see here a +0 dagger.
Grinder gestures at you.
You struggle to resist.
The orc barely misses you. Grinder hits you but does no damage.
Your skin crawls.
You feel strong-willed. Grinder closely misses you.
The orc hits you but does no damage. The orc hits you with a +0 flail!
* * * LOW HITPOINT WARNING * * *
Grinder hits you.
* * * LOW HITPOINT WARNING * * *
You slash Grinder!
Grinder is moderately wounded.
Grinder closely misses you. The orc closely misses you.
The orc hits you with a +0 flail.
You die...

....##.)..................#
....########............###
#..#†....##..#.........##
##.#........##<........#
#.......#####............
##.<......###.........###
##.....#.............#
#.....######.5#######
###.### #####@.###### #.#
#...o........
...........$.#####.
###......#.....
#...#####.#### :...# .#
###. .# . .# . ..


You could see Grinder and an orc.

Vanquished Creatures
  Pikel (D:4)
  Menkaure (D:4)
  An ogre (D:4)
  An orc priest (D:4)
  An orc wizard (D:4)
  4 adders
  4 dart slugs
  2 orcs (D:4)
  4 endoplasms
  2 giant cockroaches
  8 goblins
  6 hobgoblins
  4 jackals
  4 kobolds
  5 ball pythons
  2 bats (D:3)
  7 frilled lizards
  3 rats
  A spectral hobgoblin (D:3)
61 creatures vanquished.

Notes
Turn   | Place    | Note
-------+----------+-------------------------------------------
     0 | D:1      | Donest the Human Berserker began the quest for the Orb.
     0 | D:1      | Reached XP level 1. HP: 18/18 MP: 1/1
   117 | D:1      | Found a faded altar of an unknown god.
   136 | D:1      | Reached XP level 2. HP: 21/24 MP: 2/2
   877 | D:2      | Reached XP level 3. HP: 29/29 MP: 3/3
  1575 | D:3      | Found Xohirih's Antique Weapon Emporium.
  1590 | D:3      | Bought a runed falchion for 150 gold pieces
  1728 | D:3      | Reached XP level 4. HP: 35/35 MP: 4/4
  1805 | D:3      | Reached skill level 4 in Long Blades
  2000 | D:3      | Found a broken altar of Ashenzari.
  2035 | D:3      | Reached ** piety under Trog
  2222 | D:3      | Found a hazy altar of Hepliaklqana.
  2492 | D:4      | Noticed a lemure
  2492 | D:4      | Noticed a lemure
  2492 | D:4      | Noticed a lemure
  2492 | D:4      | Noticed a lemure
  2544 | D:4      | Noticed an ogre
  2549 | D:4      | Killed an ogre
  2550 | D:4      | Reached skill level 5 in Long Blades
  2550 | D:4      | Reached XP level 5. HP: 31/41 MP: 5/5
  2648 | D:4      | Noticed Menkaure
  2717 | D:4      | Reached XP level 6. HP: 47/47 MP: 6/6
  2782 | D:4      | Reached skill level 6 in Long Blades
  2885 | D:4      | Noticed Pikel
  2907 | D:4      | Killed Pikel
  2908 | D:4      | Reached skill level 8 in Long Blades
  2908 | D:4      | Reached XP level 7. HP: 44/52 MP: 7/7
  3128 | D:4      | Noticed Grinder
  3137 | D:4      | Killed Menkaure
  3138 | D:4      | Reached XP level 8. HP: 41/58 MP: 8/8
  3141 | D:4      | Paralysed by Grinder for 2 turns
  3147 | D:4      | HP: 2/58 [Grinder (6)]
  3148 | D:4      | Slain by an orc

Illustrated notes

Levels and vault maps discovered:
D:1:      nagdon_arrival_double_spiral, layout_basic,
          chequers_ecumenical_altar_simple, ebering_dispersal_statue_hall,
          glass_columns_c
D:2:      layout_loops_ring
D:3:      layout_basic, lemuel_tele_altar,
          nicolae_hepliaklqana_monster_ancestors, serial_shops, shop_coins,
          minmay_liquid_box
D:4:      layout_rooms, mainiacjoe_overflow_tiny_flanked, kennysheep_mini_moat,
          marbit_many_paths, mainiacjoe_overflow_big_doors, minivault_19,
          uniq_pikel, uniq_menkaure, uniq_grinder

Skill      XL: |  1  2  3  4  5  6 |
---------------+-------------------+-----
Long Blades    | 5 8 |  8.7
Fighting       | |  3.4
Armour         | |  2.0
Dodging        | |  2.2
Stealth        | |  0.5

Action                     |  1- 3 |  4- 6 |  7- 9 || total
---------------------------+-------+-------+-------++-------
  Melee: Falchion          |   109 |    72 |    11 ||   192
         Punch             |     1 |       |       ||     1
 Invoke: Berserk           |       |     4 |     1 ||     5
         Trog's Hand       |       |       |     1 ||     1
 Armour: Animal skin       |     4 |       |       ||     4
         Chain mail        |    49 |    56 |     8 ||   113
  Dodge: Dodged            |    66 |    34 |    10 ||   110
